 Dungeon Crawl Stone Soup version 0.22.0-36-g8e74550 (webtiles) character file.

252 iamserjio the Ruffian (level 5, 50/50 HPs)
             Began as a Troll Fighter on Aug 24, 2018.
             Quit the game on level 5 of the Dungeon.
             The game lasted 00:05:46 (850 turns).

iamserjio the Ruffian (Troll Fighter)                Turns: 850, Time: 00:05:47

Health: 50/50      AC:  5    Str: 28    XL:     5   Next: 89%
Magic:  13/13      EV:  8    Int:  5    God:
Gold:   48         SH:  9    Dex:  9    Spells: 4/4 levels left

rFire    . . .     SeeInvis .     - Unarmed
rCold    . . .     Gourm    +   b - +0 shield
rNeg     . . .     Faith    .   e - +0 robe (curse)
rPois    .         Spirit   .   (helmet restricted)
rElec    .         Reflect  .   (no cloak)
rCorr    .         Harm     .   (gloves unavailable)
MR       .....                  (boots unavailable)
Stlth    +.........             h - amulet of inaccuracy (curse)
HPRegen  0.56/turn              i - ring "Vahegi" {MP+9 Str+4}
MPRegen  0.13/turn              (no ring)

@: no status effects
A: large, unfitting armour, claws 3, fast metabolism 3, gourmand, regeneration
1, shaggy fur 1, tough skin 2
a: no special abilities


You were on level 5 of the Dungeon.
You were not hungry.

You visited 1 branch of the dungeon, and saw 5 of its levels.

You collected 48 gold pieces.

Inventory:

Armour
 a - a +0 robe
 b - a +0 shield (worn)
 e - a cursed +0 robe (worn)
Jewellery
 h - a cursed amulet of inaccuracy (around neck)
 i - the ring "Vahegi" (left claw) {MP+9 Str+4}
   (You found it on level 4 of the Dungeon)

   [ring of magical power]

   It affects your strength (+4).
   It affects your magic capacity (+9).
Scrolls
 g - a scroll of amnesia
 j - a scroll of remove curse {@r2}
Potions
 c - a potion of might
 f - a potion of berserk rage {unknown}
 k - a potion of heal wounds {unknown}
Comestibles
 d - 9 rations


   Skills:
 - Level 2.4 Fighting
 - Level 2.4 Dodging
 - Level 2.4 Shields
 + Level 6.2 Unarmed Combat


You had 4 spell levels left.
You didn't know any spells.
Your spell library was empty.

Dungeon Overview and Level Annotations

Branches:
Dungeon (5/15)
 Temple: D:4-7

Altars:
Okawaru
Yredelemnul


Innate Abilities, Weirdness & Mutations

You are too large for most types of armour.
You have claws for hands.
Your metabolism is lightning-fast.
You like to eat raw meat.
Your natural rate of healing is unusually fast.
You are covered in fur. (AC +1)
You have very tough skin. (AC +2)


Message History

You see here a sky beast corpse.
Found a glowing robe.
Found a ration and a lumpy citrine amulet.
You see here a glowing robe.
e - a glowing robe
d - 9 rations (gained 1)
Found a great mace.
h - a lumpy citrine amulet You see here a great mace.
Wear which item? (? for menu, Esc to quit)
You start removing your armour.
You continue taking off your +0 robe. x4
You finish taking off your +0 robe.
You start putting on your armour.
You continue putting on your glowing robe. x5
You finish putting on your cursed +0 robe.
Oops, that feels deathly cold.
Put on which piece of jewellery? (? for menu, Esc to quit)
Oops, that amulet feels deathly cold.
h - a cursed amulet of inaccuracy (around neck) Are you sure you want to abandon this character and quit the game? (Confirm with "yes".)

#...............#.##.
#...........##.##.##.
#..####.###.##.# ##.
#....##.# #.##.# #.
##.#.##.# #.. .. #.
#.#.##.# ###... #.
#......# .. #.
###)#### .. #. #.@.#
## #.......+ +.
##...#### ## ##.##
#.# #.# #.# #.#


There were no monsters in sight!

Vanquished Creatures
  A sky beast (D:5)
  A scorpion (D:4)
  A worker ant (D:4)
  Robin (D:4)
  3 adders
  An adder skeleton (D:4)
  A worm (D:2)
  A dart slug (D:2)
  A leopard gecko (D:3)
  3 orcs (D:3)
  3 giant cockroaches
  13 goblins
  A hobgoblin (D:4)
  2 quokkas
  3 bats
  2 frilled lizards
  5 kobolds
  3 rats
46 creatures vanquished.

Notes
Turn   | Place    | Note
-------+----------+-------------------------------------------
     0 | D:1      | iamserjio the Troll Fighter began the quest for the Orb.
     0 | D:1      | Reached XP level 1. HP: 22/22 MP: 0/0
   128 | D:3      | Found an iron altar of Okawaru.
   154 | D:3      | Reached XP level 2. HP: 29/29 MP: 1/1
   186 | D:3      | Reached skill level 3 in Unarmed Combat
   207 | D:2      | Reached XP level 3. HP: 26/36 MP: 2/2
   499 | D:3      | Reached skill level 4 in Unarmed Combat
   525 | D:4      | Reached XP level 4. HP: 41/44 MP: 3/3
   558 | D:4      | Found a basalt altar of Yredelemnul.
   566 | D:4      | Got a shimmering wooden ring
   571 | D:4      | Noticed Robin
   572 | D:4      | Identified the ring "Vahegi" {MP+9 Str+4} (You found it on level 4 of the Dungeon)
   577 | D:4      | Killed Robin
   679 | D:4      | Reached skill level 5 in Unarmed Combat
   679 | D:4      | Reached XP level 5. HP: 44/50 MP: 4/4
   686 | D:5      | Entered Level 5 of the Dungeon
   747 | D:5      | Noticed a sky beast
   759 | D:5      | Killed a sky beast
   759 | D:5      | Reached skill level 6 in Unarmed Combat
   850 | D:5      | Quit the game

Skill      XL: |  1  2  3  4  5 |
---------------+----------------+-----
Unarmed Combat | 3 4 5 6 |  6.2
Fighting       | |  2.4
Dodging        | |  2.4
Shields        | |  2.4

Action                   |  1- 3 |  4- 6 || total
-------------------------+-------+-------++-------
Melee: Unarmed           |    77 |    61 ||   138
  Use: Scroll            |       |     3 ||     3
  Eat: Chunk             |     6 |     2 ||     8
Armor: Robe              |    27 |    18 ||    45
Dodge: Dodged            |    37 |    16 ||    53
Block: Shield            |    29 |    21 ||    50
